 Dungeon Crawl Stone Soup version 0.31-a0-626-g8143ab4f1d (webtiles) character file.

Game seed: 8999640369110030830

42 BigDaddyOpFi the Changeling (level 3, 0/16 HPs)
             Began as a Felid Shapeshifter on Aug 24, 2023.
             Slain by a goblin
             ... wielding a +0 dagger
             ... led by Robin
              (6 damage)
             ... on level 2 of the Dungeon.
             The game lasted 00:01:14 (995 turns).

BigDaddyOpFi the Changeling (Felid Shapeshifter)     Turns: 995, Time: 00:01:14

Health: 0/16       AC:  1    Str: 11    XL:     3   Next: 33%
Magic:  4/4        EV: 18    Int:  9    God:
Gold:   54         SH:  0    Dex: 18    Spells: 2/2 levels left
                                        Lives:  0   Deaths: 1

rFire   . .          .
                       - Unarmed
rCold   . . .        (shield unavailable)
rNeg    . . .        (body armour unavailable)
rPois   .            (helmet unavailable)
rElec   .            (cloak unavailable)
rCorr   .            (gloves unavailable)
SInv    +            (boots unavailable)
Will    .....        (no amulet)
Stlth   ++           (no ring)
HPRegen 0.22/turn    (no ring)
MPRegen 0.09/turn

%: no passive effects
@: beast-form, quick
A: beast (slay +2), very small, claws 1, fangs 3, see invisible, speed 1, shaggy
fur 1, stealthy paws, no weapons or thrown items, no armour, multi-lived
a: Begin Untransformation


You were on level 2 of the Dungeon.
You were a hulking beast.
You visited 1 branch of the dungeon, and saw 2 of its levels.

You collected 54 gold pieces.

Inventory:

Talismans
 b - a beast talisman (active)
 c - a flux talisman
Potions
 a - a potion of lignification
 d - a potion of attraction {unknown}
 e - a potion of haste {unknown}
 f - a potion of curing {unknown}
 g - 2 potions of brilliance {unknown}


   Skills:
 + Level 1.8 Fighting
 + Level 3.4 Dodging
 + Level 3.3 Unarmed Combat
 + Level 3.6 Shapeshifting


You had 2 spell levels left.
You didn't know any spells.
Your spell library was empty.

Dungeon Overview and Level Annotations

Branches:
Dungeon (2/15)

Altars:

Annotations:
D:2 Robin


Innate Abilities, Weirdness & Mutations

You are a hulking beast.
Your limbs bulge with bestial killing power. (Slay +2)
You have sharp claws.
You have razor-sharp teeth.
You have supernaturally acute eyesight. (SInv)
You cover ground quickly. (Speed+)
You are covered in fur. (AC +1)
Your paws help you pounce on unaware monsters.
You are incapable of wielding weapons or throwing items.
You cannot wear armour.
You gain extra lives every three experience levels.


Message History

The goblin is heavily wounded.
You hear a shout!
Robin of the Strong Arm comes into view.
They are wielding a +0 falchion.
The goblin barely misses you.
You scratch the goblin.
You kill the goblin!
Robin roars a battlecry!
The goblins go into a battle-frenzy!
You hear an angry hiss.
You claw the goblin!
You kill the goblin!
A goblin comes into view. It is wielding a +0 dagger.
You scratch the goblin but do no damage.
Your claw misses the goblin. The goblin misses you.
You completely miss the goblin. Your bite misses the goblin.
Robin roars a battlecry!
The goblin goes into a battle-frenzy!
A hobgoblin comes into view.
The goblin closely misses you.
You scratch the goblin. You bite the goblin, but do no damage.
The goblin is moderately wounded.
The goblin misses you.
You barely miss the goblin.
The goblin is moderately wounded.
The goblin barely misses you.
You scratch the goblin.
You kill the goblin!
A ball python comes into view.
You closely miss the goblin. The goblin hits you with a +0 dagger.
A goblin comes into view. It is wielding a +0 club.
Robin throws the goblin at you!
You closely miss the goblin. The goblin hits you with a +0 dagger.
The goblin barely misses you.
You are too injured to fight recklessly!
You are too injured to fight recklessly!
You are too injured to fight recklessly!
You scratch the goblin. You bite the goblin.
You kill the goblin!
The goblin hits you with a +0 dagger.
You die...

#.## #.#
#.........
#..# #.#
######.###
##.# #.#
#.# #.#
#.# #..
#.# #...
#.# #...#
#.# #...#
#)# #...#
#h# #...#
#g# #g#


gSg g#g #. .# ## ## You could see Robin, a hobgoblin (strong), 4 goblins and a
ball python.

Vanquished Creatures
  7 ball pythons
  4 bats (D:1)
  2 endoplasms
  A giant cockroach (D:1)
  5 goblins
  5 hobgoblins
  5 kobolds (D:1)
  A quokka (D:2)
  2 frilled lizards (D:1)
  6 rats
38 creatures vanquished.

Notes
Turn   | Place    | Note
-------+----------+-------------------------------------------
     0 | D:1      | BigDaddyOpFi the Felid Shapeshifter began the quest for the
                  | Orb.
     0 | D:1      | Reached XP level 1. HP: 9/9 MP: 2/2
    89 | D:1      | Reached XP level 2. HP: 12/12 MP: 3/3
   459 | D:1      | Reached XP level 3. HP: 16/16 MP: 4/4
   710 | D:2      | Noticed an ogre
   713 | D:2      | Slain by an ogre
   985 | D:2      | Noticed Robin
   995 | D:2      | Slain by a goblin

Illustrated notes

Levels and vault maps discovered:
D:1:      dpeg_arrival_tiny_j, layout_loops_ring
D:2:      layout_loops_ring, uniq_robin, uniq_jessica

Skill      XL: |  1 |
---------------+----+-----
Dodging        | 3 |  3.4
Fighting       | |  1.8
Unarmed Combat | |  3.3
Shapeshifting  | |  3.6

Action                     || total
---------------------------++-------
  Melee: Unarmed           ||    80
         Bite              ||     7
         Punch             ||     1
    Use: Scroll            ||     2
   Stab: Sleeping          ||     1
  Dodge: Dodged            ||    71

Table legend: (Time is in decaauts)
 A = Elapsed time spent in this place.
 B = Non-inter-level travel time spent in this place.
 C = Inter-level travel time spent in this place.
 D = Time resting spent in this place.
 E = Time spent auto-exploring this place.
 F = Levels seen in this place.
 G = Mean time per level.
                   A        B        C        D        E       F      G
               +--------+--------+--------+--------+--------+-----+--------+
         Total |    839 |    812 |     27 |    113 |    500 |   2 |  419.5 |
       Dungeon |    839 |    812 |     27 |    113 |    500 |   2 |  419.5 |
               +--------+--------+--------+--------+--------+-----+--------+

Top non-repeatable levels by time:
     D:1: 578 daAuts
     D:2: 260 daAuts
